 Dungeon Crawl Stone Soup version 0.26-a0-752-gcff87cac9a (webtiles) character file.

Game seed: 14543659255198218192

27490 mhtbhm the Basher (level 13, -23/87 HPs)
             Began as a Gargoyle Berserker on Nov 6, 2020.
             Was the Champion of Trog.
             Annihilated by an ettin
             ... wielding the +4 giant club of Impatience {chaos, *Corrode Dex+5}
              (53 damage)
             ... on level 2 of the Orcish Mines on Nov 7, 2020.
             The game lasted 00:26:47 (11862 turns).

mhtbhm the Basher (Gargoyle Berserker)             Turns: 11862, Time: 00:26:48

Health: -23/87     AC: 33    Str: 33    XL:     13   Next: 32%
Magic:  1/13       EV: 14    Int:  7    God:    Trog [******]
Gold:   1083       SH:  0    Dex:  9    Spells: 12/12 levels left

rFire    . . .     SeeInvis .   G - +6 dire flail (venom)
rCold    + . .     Faith    .   (shield currently unavailable)
rNeg     + + .     Spirit   .   b - +2 plate armour {rC+}
rPois    ∞         Reflect  .   p - +0 helmet
rElec    +         Harm     .   n - +0 cloak
rCorr    .         Rampage  .   t - +0 pair of gloves
MR       .....                  d - +0 pair of boots
Stlth    ..........             k - amulet of regeneration
HPRegen  0.64/turn              o - +6 ring of strength
MPRegen  0.13/turn              r - ring of Zuxuwnu {rN+ EV+4}

@: berserk cooldown, slowed, very slow
A: negative energy resistance 1, electricity resistance, unbreathing,
petrification resistance, rot immunity, AC +9
a: Berserk, Trog's Hand, Brothers in Arms, Renounce Religion


You were on level 2 of the Orcish Mines.
You worshipped Trog.
Trog was exalted by your worship.
You visited 2 branches of the dungeon, and saw 13 of its levels.
You visited the Abyss 1 time.

You collected 1293 gold pieces.
You spent 210 gold pieces at shops.

Inventory:

Hand Weapons
 a - the +0 whip of the Assorted Princes {venom, rF+}
   (You took it off an orc on level 9 of the Dungeon)

   It poisons the flesh of those it strikes.
   It protects you from fire.
 D - a +2 mace of holy wrath
 G - a +6 dire flail of venom (weapon)
Missiles
 j - 6 curare-tipped darts (quivered)
Armour
 b - a +2 plate armour of cold resistance (worn)
 d - a +0 pair of boots (worn)
 n - a +0 cloak (worn)
 p - a +0 helmet (worn)
 t - a +0 pair of gloves (worn)
Jewellery
 k - an amulet of regeneration (around neck)
 o - a +6 ring of strength (left hand)
 r - the ring of Zuxuwnu (right hand) {rN+ EV+4}
   (You acquired it on level 9 of the Dungeon)

   [ring of evasion]

   It affects your evasion (+4).
   It protects you from negative energy.
 u - an uncursed ring of positive energy
 C - an uncursed ring of protection from cold
Wands
 i - a wand of flame (22)
 q - a wand of digging (4)
 A - a wand of random effects (23)
 F - a wand of acid (8)
Scrolls
 f - 2 scrolls of magic mapping
 h - 4 scrolls of teleportation
 w - a scroll of enchant armour
 x - 2 scrolls of fear
 y - a scroll of brand weapon
 I - a scroll of enchant weapon
Potions
 c - 3 potions of mutation
 e - 3 potions of curing
 l - a potion of berserk rage {unknown}
 m - a potion of flight
 s - 2 potions of attraction {unknown}
 B - a potion of lignification
 H - a potion of might {unknown}


   Skills:
 + Level 12.3 Fighting
 + Level 14.5 Maces & Flails
 + Level 1.6 Throwing
 + Level 12.2 Armour
 + Level 4.1 Dodging
 + Level 1.2 Stealth
 + Level 1.8 Evocations


You had 12 spell levels left.
You didn't know any spells.
Your spell library was empty.

Dungeon Overview and Level Annotations

Branches:
Dungeon (11/15)            Temple (0/1) D:5            Lair (0/6) D:10
    Orc (2/2) D:9             Elf (0/3) Orc:2

Altars:
Ashenzari
Dithmenos
Fedhas
Gozag
Makhleb
Okawaru
Trog
Yredelemnul

Shops:
Orc:2 ?!?!

Annotations:
Orc:1 Urug
Orc:2 1 transporter, OTABOTABOTAB's ghost, journeyman VSFi


Innate Abilities, Weirdness & Mutations

You are resistant to torment.
Your stone body is resilient. (AC +9)
You are immune to poison.
You resist negative energy. (rN+)
You are resistant to electric shocks. (rElec)
You can survive without breathing.
You are immune to petrification.
You are immune to rotting.


Message History

* * * LOW HITPOINT WARNING * * *
You feel a strong urge to attack something.
You bludgeon the ettin!!
The ettin looks as sick as possible!
The ettin is severely wounded.
The ettin hits you with the +4 giant club of Impatience {chaos, *Corrode Dex+5}!
* * * LOW HITPOINT WARNING * * *
The ettin burns you.
* * * LOW HITPOINT WARNING * * *
The ettin closely misses you.
The orc warrior rages.
You feel a strong urge to attack something.
You are no longer berserk.
You are exhausted.
You feel yourself slow down.
You hear a shout!
The ettin rages.
You feel much better. The ettin closely misses you.
The ettin hits you with a +3 antimagic giant club!!!
Ouch! That really hurt!
You die...

#...##...©...### #...# ##..
#......#####...####..## #..
##...###.O.###..##....## #..
##.##......###.#......# ##.
#..##W....####..#....### ##
#.##.###.#§ .##.##.....#####
#.#..#≈)![###.#.##......##.##
#.#©.##}_.....#.#...........##
#.#.......##.@#.........##...#
#.##....#≈#.C##...............
###..#.....##.o#......#.........
##.##.##...oyy###.#..............
#...#..###.©.###..#..............
.........#####...................
...........©....................#
.................................
.................................


You could see an ettin (berserk, extremely poisoned), 2 moths of wrath and an
orc warrior (berserk).

Vanquished Creatures
  Jorgrun (Orc:1)
  An ettin (Orc:1)
  Erica (D:7)
  9 two-headed ogres
  2 ogre magi
  Nergalle (D:10)
  An unseen horror (D:11)
  2 deep trolls (Orc:1)
  An oklob plant (D:7)
  3 cyclopes
  Maurice (D:8)
  Maggie (D:8)
  10 trolls
  Grinder (D:6)
  A centaur simulacrum (D:9)
  2 wraiths
  4 yaks (D:10)
  A warg (Orc:2)
  Duvessa (D:5)
  A water moccasin (D:7)
  13 orc warriors
  3 sky beasts
  4 ice beasts
  A black bear (D:10)
  2 eyes of draining (D:10)
  24 ogres
  4 phantoms
  6 centaurs
  3 big kobolds
  2 gnoll sergeants (D:9)
  8 bullfrogs
  Dowan (D:5)
  A small abomination (Abyss:3)
  4 scorpions
  3 killer bees (D:10)
  3 wights (D:8)
  6 howler monkeys
  2 centaur zombies
  4 hounds
  A quasit (Abyss:3)
  3 jellies
  3 centaur skeletons
  9 orc priests
  5 iguanas
  11 worker ants
  14 orc wizards
  A hound zombie (D:5)
  3 hound skeletons
  A worker ant zombie (D:6)
  Robin (D:3)
  11 adders
  11 gnolls
  A howler monkey skeleton (D:5)
  4 shadow imps
  2 white imps
  3 ufetubi
  An ooze (D:3)
  An adder zombie (D:7)
  2 dart slugs
  A worm (D:3)
  9 leopard geckos
  63 orcs
  A ball python (D:3)
  10 bats
  5 giant cockroaches
  12 goblins
  13 hobgoblins
  6 jackals
  5 quokkas
  9 frilled lizards
  A jackal skeleton (D:8)
  14 kobolds
  A quokka skeleton (D:6)
  9 rats
  2 bushes (D:7)
388 creatures vanquished.

Vanquished Creatures (others)
  An ogre (Orc:2)
  An orc (D:8)
  3 plants (D:7)
5 creatures vanquished.

Grand Total: 393 creatures vanquished

Notes
Turn   | Place    | Note
-------+----------+-------------------------------------------
     0 | D:1      | mhtbhm the Gargoyle Berserker began the quest for the Orb.
     0 | D:1      | Reached XP level 1. HP: 14/14 MP: 1/1
   611 | D:1      | Reached XP level 2. HP: 19/19 MP: 2/2
  1112 | D:2      | Reached XP level 3. HP: 20/24 MP: 3/3
  1126 | D:2      | Reached ** piety under Trog
  1593 | D:2      | Reached XP level 4. HP: 29/29 MP: 4/4
  1704 | D:2      | Reached skill level 4 in Maces & Flails
  1963 | D:3      | Noticed Robin
  1989 | D:3      | Reached XP level 5. HP: 23/33 MP: 5/5
  2004 | D:3      | Killed Robin
  2044 | D:3      | Found a shadowy altar of Dithmenos.
  2307 | D:3      | Reached *** piety under Trog
  2803 | D:4      | Reached skill level 5 in Maces & Flails
  2856 | D:4      | Reached XP level 6. HP: 38/38 MP: 6/6
  3159 | D:4      | Reached skill level 6 in Maces & Flails
  3270 | D:4      | Reached XP level 7. HP: 44/44 MP: 7/7
  3625 | D:5      | Entered Level 5 of the Dungeon
  3625 | D:5      | Noticed Duvessa
  3625 | D:5      | Noticed Dowan
  3638 | D:5      | Killed Duvessa
  3641 | D:5      | Killed Dowan
  3641 | D:5      | Reached skill level 5 in Fighting
  3703 | D:5      | Reached skill level 7 in Maces & Flails
  3809 | D:5      | Reached **** piety under Trog
  3809 | D:5      | Reached XP level 8. HP: 49/49 MP: 8/8
  3927 | D:5      | Reached skill level 8 in Maces & Flails
  4196 | D:5      | Found a staircase to the Ecumenical Temple.
  4432 | D:6      | Reached skill level 9 in Maces & Flails
  4453 | D:6      | Reached skill level 5 in Armour
  4453 | D:6      | Reached XP level 9. HP: 55/55 MP: 9/9
  4715 | D:6      | Reached skill level 10 in Maces & Flails
  4754 | D:6      | Noticed Grinder
  4773 | D:6      | Killed Grinder
  4816 | D:6      | Found a burning altar of Makhleb.
  5200 | D:7      | Reached ***** piety under Trog
  5303 | D:7      | Reached skill level 11 in Maces & Flails
  5398 | D:7      | Reached XP level 10. HP: 63/63 MP: 10/10
  5469 | D:7      | Found a blossoming altar of Fedhas.
  5496 | D:7      | Noticed an oklob plant
  5589 | D:7      | Killed an oklob plant
  5817 | D:7      | Found a shadowy altar of Dithmenos.
  5950 | D:8      | Found an opulent altar of Gozag.
  6061 | D:8      | Noticed Maurice
  6070 | D:8      | Noticed Maggie
  6076 | D:8      | Noticed Erica
  6092 | D:7      | Killed Erica
  6135 | D:8      | Killed Maggie
  6135 | D:8      | Reached skill level 12 in Maces & Flails
  6257 | D:8      | Killed Maurice
  6701 | D:9      | Found a staircase to the Orcish Mines.
  6716 | D:9      | Cast into level 1 of the Abyss (gnoll sergeant)
  6880 | Abyss:1  | Noticed a worldbinder
  6883 | Abyss:1  | Noticed a merfolk siren
  6883 | Abyss:1  | Noticed a merfolk siren
  6900 | Abyss:1  | Noticed a merfolk siren
  6900 | Abyss:1  | Noticed a manticore
  6902 | Abyss:1  | Noticed a merfolk siren
  6902 | Abyss:1  | Noticed a manticore
  6908 | Abyss:2  | Got a bloodstained scimitar
  6956 | Abyss:2  | Noticed a wretched star
  6983 | Abyss:2  | Noticed a large abomination
  7055 | Abyss:2  | Noticed a wretched star
  7056 | Abyss:2  | Noticed a wretched star
  7076 | Abyss:3  | Found a corrupted altar of Lugonu.
  7126 | D:9      | Escaped the Abyss
  7188 | D:9      | Reached XP level 11. HP: 30/55 MP: 8/8
  7208 | D:9      | Reached skill level 1 in Stealth
  7466 | D:9      | Reached skill level 1 in Evocations
  7556 | D:9      | Identified the cursed +0 whip of the Assorted Princes
                  | {venom, rF+}
  7794 | D:9      | Found a basalt altar of Yredelemnul.
  7794 | D:9      | Found a bloodstained altar of Trog.
  7799 | D:9      | Found a broken altar of Ashenzari.
  7801 | D:9      | Found a faded altar of an unknown god.
  7803 | D:9      | Found a faded altar of an unknown god.
  7822 | D:9      | Found an iron altar of Okawaru.
  7823 | D:9      | Received a gift from Trog
  7871 | D:9      | Identified a scroll of acquirement
  7872 | D:9      | Acquired the ring of Zuxuwnu {rN+ EV+4}
  8179 | D:9      | You fall into a shaft and drop 2 floors!
  8243 | D:11     | Killed an unseen horror
  8576 | D:10     | Entered Level 10 of the Dungeon
  8612 | D:10     | Noticed a two-headed ogre
  8644 | D:10     | Killed a two-headed ogre
  8647 | D:10     | Reached skill level 13 in Maces & Flails
  8663 | D:10     | Reached ****** piety under Trog
  8713 | D:10     | Found a staircase to the Lair.
  9013 | D:10     | Noticed a two-headed ogre
  9023 | D:10     | Killed a two-headed ogre
  9161 | D:10     | Reached skill level 10 in Fighting
  9275 | D:10     | Noticed Nergalle
  9306 | D:10     | Killed Nergalle
  9676 | Orc:1    | Entered Level 1 of the Orcish Mines
  9712 | Orc:1    | Reached XP level 12. HP: 75/78 MP: 12/12
 10065 | Orc:1    | Noticed Jorgrun
 10085 | Orc:1    | Killed Jorgrun
 10085 | Orc:1    | Reached skill level 10 in Armour
 10349 | Orc:1    | Noticed Urug
 10396 | Orc:2    | Entered Level 2 of the Orcish Mines
 10597 | Orc:2    | Found Jytrela's Distillery.
 10597 | Orc:2    | Noticed a two-headed ogre
 10597 | Orc:2    | Noticed an ettin
 10613 | Orc:2    | Killed a two-headed ogre
 10712 | Orc:2    | Noticed a two-headed ogre
 10712 | Orc:2    | Noticed a two-headed ogre
 10722 | Orc:1    | Killed an ettin
 10792 | Orc:2    | Noticed a two-headed ogre
 10799 | Orc:1    | Killed a two-headed ogre
 10799 | Orc:1    | Reached skill level 14 in Maces & Flails
 10806 | Orc:1    | Killed a two-headed ogre
 10806 | Orc:1    | Reached skill level 1 in Throwing
 10867 | Orc:2    | Noticed a two-headed ogre
 10867 | Orc:2    | Noticed a two-headed ogre
 11001 | Orc:1    | Killed a two-headed ogre
 11013 | Orc:1    | Killed a two-headed ogre
 11013 | Orc:1    | Reached XP level 13. HP: 49/85 MP: 13/13
 11125 | Orc:1    | Received a gift from Trog
 11318 | Orc:2    | Found Emaof's Distillery.
 11381 | Orc:2    | Found Immufruck's Magic Scroll Emporium.
 11383 | Orc:2    | Found Qaagh's Magic Scroll Shoppe.
 11563 | Orc:2    | Bought a scroll of enchant weapon for 90 gold pieces
 11563 | Orc:2    | Bought a scroll of teleportation for 36 gold pieces
 11645 | Orc:2    | Bought a scroll of remove curse for 42 gold pieces
 11646 | Orc:2    | Identified the cursed +1 scimitar "Zaig Roraf" {venom,
                  | *Noise rF+ Dex+3} (You found it on level 2 of the Abyss)
 11647 | Orc:2    | Bought a scroll of remove curse for 42 gold pieces
 11711 | Orc:2    | Found a staircase to the Elven Halls.
 11756 | Orc:2    | Found a transporter.
 11771 | Orc:2    | Found a bloodstained altar of Trog.
 11776 | Orc:2    | Identified the +4 giant club of Impatience {chaos, *Corrode
                  | Dex+5}
 11776 | Orc:2    | Noticed an ettin
 11814 | Orc:2    | Identified the +9 war axe "Duikuf" {flame, Dex+6}
 11826 | Orc:2    | Found a transporter.
 11830 | Orc:2    | Noticed OTABOTABOTAB's ghost (journeyman VSFi)
 11862 | Orc:2    | Annihilated by an ettin

Illustrated notes

Levels and vault maps discovered:
D:1:      dpeg_arrival_circle_labyrinth_a, layout_basic,
          kennysheep_small_spiral, minmay_domino_2
D:2:      layout_rooms
D:3:      layout_loops_corners, nicolae_overflow_crystal_walls, uniq_robin
D:4:      layout_gridville
D:5:      layout_cave_pools, minmay_temple_entry_nine_rooms, uniq_duvessa
D:6:      layout_loops_ring, lemuel_doored_altar, uniq_grinder
D:7:      layout_rooms, basic_altar, tgw_fedhas
D:8:      layout_cave_pools, nicolae_gozag_seed_capital, uniq_maggie,
          uniq_maurice, uniq_erica
D:9:      layout_roguey, chequers_temple_overflow_minitemple,
          kennysheep_orc_monster_closet_entryway, okawaru_altar_gauntlet_db
D:10:     layout_rooms, lair_entry_dummy, uniq_nergalle
D:11:     layout_irregular_city
Orc:1:    layout_caves, minmay_orc_temple_c, uniq_urug, uniq_jorgrun
Orc:2:    st_orc_open, layout_caves, gammafunk_ghost_wrathful_warriors

Skill      XL: |  1  2  3  4  5  6  7  8  9 10 11 12 13 |
---------------+----------------------------------------+-----
Maces & Flails | 4 5 6 7 9 11 12 13 14 | 14.5
Armour         | 3 4 5 6 7 9 11 12 | 12.2
Fighting       | 4 5 6 7 8 10 11 12 | 12.3
Dodging        | 2 3 4 |  4.1
Stealth        | 1 |  1.2
Evocations     | 1 |  1.8
Throwing       | 1 |  1.6

Action                   |  1- 3 |  4- 6 |  7- 9 | 10-12 | 13-15 || total
-------------------------+-------+-------+-------+-------+-------++-------
Melee: Mace              |   132 |   229 |   373 |   441 |       ||  1175
       Whip              |       |       |       |   677 |   126 ||   803
       Dire flail        |       |       |       |       |     6 ||     6
Throw: Dart              |       |       |       |     5 |       ||     5
Invok: Berserk           |       |     2 |     5 |    19 |     3 ||    29
Evoke: Wand              |       |       |       |    14 |       ||    14
  Use: Scroll            |     3 |       |     7 |    14 |     4 ||    28
       Potion            |       |       |       |     4 |     2 ||     6
Armor: Chain mail        |   139 |   184 |       |       |       ||   323
       Plate armour      |       |    15 |   293 |   855 |    62 ||  1225
Dodge: Dodged            |    89 |   134 |   158 |   715 |    71 ||  1167

Table legend: (Time is in decaauts)
 A = Elapsed time spent in this place.
 B = Non-inter-level travel time spent in this place.
 C = Inter-level travel time spent in this place.
 D = Time resting spent in this place.
 E = Time spent auto-exploring this place.
 F = Levels seen in this place.
 G = Mean time per level.
                   A        B        C        D        E       F      G
               +--------+--------+--------+--------+--------+-----+--------+
         Total |  11705 |  11571 |    134 |   2185 |   5202 |  16 |  731.6 |
       Dungeon |   9185 |   9051 |    134 |   1261 |   4659 |  11 |  835.0 |
  Orcish Mines |   2116 |   2116 |      0 |    877 |    518 |   2 | 1058.0 |
         Abyss |    403 |    403 |      0 |     47 |     25 |   3 |  134.3 |
               +--------+--------+--------+--------+--------+-----+--------+

Top non-repeatable levels by time:
   Orc:1: 1342 daAuts
     D:9: 1146 daAuts
     D:1: 1054 daAuts
     D:3: 1009 daAuts
     D:7: 928 daAuts
    D:10: 925 daAuts
     D:4: 851 daAuts
     D:6: 808 daAuts
     D:2: 795 daAuts
   Orc:2: 774 daAuts
     D:5: 673 daAuts
     D:8: 641 daAuts
    D:11: 349 daAuts
 Abyss:1: 192 daAuts
 Abyss:2: 150 daAuts
